General information
			
			
        
        - name: BNet
 
        - type: Ladder team game (AT/RT)
 
        - host: Battle.net
 
        - saver: bLinn
 
        
map: Mur'gulOasis 
        - players: 8
 
        - length: 05:31
 
        - speed: Fast
 - version: 1.22 W3XP
 - replay type:  

 
» download(39 KB)
Players
        team 1 (winner) 
              
              
bLinn (
orange | 83 APM | 456 actions | 05:31)
              
 1 Far Seer 
 1 Feral Spirit
 
                » actions 
                
                | Assign group hotkey | 20 |  | 
| Basic commands | 2 |  | 
| Build / train | 34 |  | 
| Enter build submenu | 5 |  | 
| Enter hero's abilities submenu | 1 |  | 
| Remove unit from queue | 6 |  | 
| Right click | 218 |  | 
| Select / deselect | 96 |  | 
| Select group hotkey | 60 |  | 
| Use ability | 14 |  | 
                456 total
 » units 
                » buildings
                
                | Altar of Storms | 1 |  | 
| Orc Burrow | 3 |  | 
| Barracks | 1 |  | 
| Stronghold | 4 |  | 
                9 total
 » build order
                00:02 Altar of Storms
00:10 Orc Burrow
00:35 Barracks
01:54 Orc Burrow
02:21 Orc Burrow
04:26 Stronghold
04:26 Stronghold
04:26 Stronghold
04:27 Stronghold
 
               
              
              
iggy_the_fisk (
red | 96 APM | 531 actions | 05:30)
              
 2 Mountain King 
 1 Storm Bolt
 1 Bash
 
                » actions 
                
                | Assign group hotkey | 138 |  | 
| Basic commands | 1 |  | 
| Build / train | 33 |  | 
| Enter build submenu | 11 |  | 
| Enter hero's abilities submenu | 2 |  | 
| Right click | 198 |  | 
| Select / deselect | 88 |  | 
| Select group hotkey | 37 |  | 
| Use ability | 23 |  | 
                531 total
 » units 
                » upgrades
                » buildings
                
                | Altar of Kings | 1 |  | 
| Lumber Mill | 1 |  | 
| Farm | 3 |  | 
| Scout Tower | 6 |  | 
| Arcane Tower | 3 |  | 
| Guard Tower | 3 |  | 
| Keep | 2 |  | 
                19 total
 » build order
                00:04 Altar of Kings
00:19 Lumber Mill
00:24 Farm
00:57 Farm
01:36 Farm
02:25 Scout Tower
02:52 Arcane Tower
02:52 Arcane Tower
03:18 Scout Tower
03:48 Arcane Tower
03:49 Scout Tower
04:05 Guard Tower
04:07 Scout Tower
04:09 Scout Tower
04:27 Guard Tower
04:34 Guard Tower
04:54 Scout Tower
05:18 Keep
05:19 Keep
 
               
              
              
Mata. (
pink | 120 APM | 660 actions | 05:30)
              
 2 Far Seer 
 1 Feral Spirit
 1 Chain Lighting
 
                » actions 
                
                | Assign group hotkey | 112 |  | 
| Build / train | 20 |  | 
| Enter build submenu | 14 |  | 
| Enter hero's abilities submenu | 2 |  | 
| Right click | 279 |  | 
| Select / deselect | 128 |  | 
| Select group hotkey | 88 |  | 
| Use ability | 17 |  | 
                660 total
 » units 
                » buildings
                
                | Altar of Storms | 2 |  | 
| Orc Burrow | 3 |  | 
| Barracks | 1 |  | 
| Stronghold | 1 |  | 
| Voodoo Lounge | 3 |  | 
                10 total
 » build order
                00:04 Altar of Storms
00:05 Altar of Storms
00:20 Orc Burrow
00:50 Barracks
01:30 Orc Burrow
03:37 Stronghold
03:41 Voodoo Lounge
04:09 Voodoo Lounge
04:13 Voodoo Lounge
04:53 Orc Burrow
 
               
              
              
» 
timG4strok (
yellow | 84 APM | 461 actions | 05:30)
              
 2 Shadow Hunter 
 1 Serpent Ward
 1 Hex
 
                » actions 
                
                | Assign group hotkey | 2 |  | 
| Basic commands | 10 |  | 
| Build / train | 21 |  | 
| ESC pressed | 7 |  | 
| Enter build submenu | 17 |  | 
| Enter hero's abilities submenu | 2 |  | 
| Right click | 202 |  | 
| Select / deselect | 66 |  | 
| Select group hotkey | 85 |  | 
| Use ability | 49 |  | 
                461 total
 » units 
                » upgrades
                » buildings
                
                | Altar of Storms | 1 |  | 
| Orc Burrow | 2 |  | 
| War Mill | 1 |  | 
| Watch Tower | 12 |  | 
| Voodoo Lounge | 1 |  | 
                17 total
 » build order
                00:05 Altar of Storms
00:19 Orc Burrow
00:45 War Mill
02:29 Orc Burrow
02:44 Watch Tower
02:45 Watch Tower
02:46 Watch Tower
02:52 Voodoo Lounge
03:11 Watch Tower
03:21 Watch Tower
03:39 Watch Tower
03:56 Watch Tower
04:15 Watch Tower
04:15 Watch Tower
04:33 Watch Tower
04:44 Watch Tower
04:50 Watch Tower
» items
                
                | Lesser Clarity Potion | 2 |  | 
| Healing Salve | 1 |  | 
                3 total
  
               team 2 (loser) 
              
              
krispykremekrew (
teal | 31 APM | 168 actions | 05:29)
              
 1 Blademaster 
 1 Wind Walk
 
                » actions 
                
                | Assign group hotkey | 1 |  | 
| Build / train | 11 |  | 
| ESC pressed | 1 |  | 
| Enter build submenu | 4 |  | 
| Enter hero's abilities submenu | 1 |  | 
| Right click | 82 |  | 
| Select / deselect | 57 |  | 
| Select group hotkey | 2 |  | 
| Use ability | 9 |  | 
                168 total
 » units 
                » buildings
                
                | Altar of Storms | 1 |  | 
| Orc Burrow | 2 |  | 
| War Mill | 1 |  | 
| Stronghold | 3 |  | 
                7 total
 » build order
                00:05 Altar of Storms
00:07 Orc Burrow
01:08 War Mill
02:17 Orc Burrow
02:19 Stronghold
02:19 Stronghold
02:19 Stronghold
 
               
              
              
» 
MarioMCP (
green | 36 APM | 164 actions | 04:33)
              
 1 Archmage 
 1 Summon Water Elemental
 
                » actions 
                
                | Basic commands | 1 |  | 
| Build / train | 14 |  | 
| Enter build submenu | 8 |  | 
| Enter hero's abilities submenu | 1 |  | 
| Right click | 69 |  | 
| Select / deselect | 55 |  | 
| Use ability | 16 |  | 
                164 total
 » units 
                » buildings
                
                | Farm | 5 |  | 
| Barracks | 1 |  | 
| Altar of Kings | 1 |  | 
                7 total
 » build order
                00:06 Farm
00:10 Barracks
00:13 Altar of Kings
01:27 Farm
02:09 Farm
02:51 Farm
04:22 Farm
 
               
              
              
PaRaDoSi (
purple | 43 APM | 191 actions | 04:26)
              
 1 Blademaster 
 1 Wind Walk
 
                » actions 
                
                | Build / train | 13 |  | 
| Enter build submenu | 5 |  | 
| Enter hero's abilities submenu | 1 |  | 
| Right click | 130 |  | 
| Select / deselect | 34 |  | 
| Use ability | 8 |  | 
                191 total
 » units 
                » buildings
                
                | Orc Burrow | 2 |  | 
| Altar of Storms | 1 |  | 
| Barracks | 1 |  | 
                4 total
 » build order
                00:04 Orc Burrow
00:07 Altar of Storms
01:48 Barracks
04:16 Orc Burrow
 
               
              
              
xXSqualorXx (
blue | 28 APM | 135 actions | 04:49)
              
 1 Dreadlord 
 1 Vampiric Aura
 
                » actions 
                
                | Build / train | 21 |  | 
| Enter build submenu | 8 |  | 
| Enter hero's abilities submenu | 1 |  | 
| Remove unit from queue | 8 |  | 
| Right click | 39 |  | 
| Select / deselect | 50 |  | 
| Use ability | 8 |  | 
                135 total
 » units 
                » upgrades
                » buildings
                
                | Altar of Darkness | 1 |  | 
| Crypt | 1 |  | 
| Graveyard | 1 |  | 
| Ziggurat | 4 |  | 
                7 total
 » build order
                00:09 Altar of Darkness
00:19 Crypt
01:29 Graveyard
02:05 Ziggurat
03:14 Ziggurat
03:17 Ziggurat
03:21 Ziggurat
 
                Chat log
          (00:33 / Allies) Mata.: tower russian?
(00:38 / Allies) timG4strok: european
(05:16 / All) bLinn: which shitnoob remains? i ask u. ..